 Dungeon Crawl Stone Soup version 0.22-a0-538-g76cc104 (webtiles) character file.

27 kae the Insei (level 2, -3/21 HPs)
             Began as a Demonspawn Transmuter on June 23, 2018.
             Slain by Sigmund
             ... wielding a +0 scythe
              (4 damage)
             ... on level 2 of the Dungeon.
             The game lasted 00:01:16 (1232 turns).

kae the Insei (Demonspawn Transmuter)               Turns: 1232, Time: 00:01:18

Health: -3/21      AC:  8    Str: 10    XL:     2   Next: 93%
Magic:  5/5        EV:  4    Int: 14    God:
Gold:   27         SH:  0    Dex: 13    Spells: 4/5 levels left

rFire    . . .     SeeInvis .   h - +0 short sword
rCold    . . .     Gourm    .   (no shield)
rNeg     . . .     Faith    .   g - +0 chain mail
rPois    .         Spirit   .   (no helmet)
rElec    .         Reflect  .   (no cloak)
rCorr    .         Harm     .   (no gloves)
MR       +....                  (no boots)
Stlth    ..........             (no amulet)
HPRegen  0.07/turn              (no ring)
MPRegen  0.09/turn              (no ring)

@: no status effects
A: magic resistance 1, evolution 1, rot immunity
a: no special abilities


You were on level 2 of the Dungeon.
You were not hungry.

You visited 1 branch of the dungeon, and saw 2 of its levels.

You collected 27 gold pieces.

Inventory:

Hand Weapons
 h - a +0 short sword (weapon)
Missiles
 a - 12 arrows
Armour
 b - a +0 robe
 g - a +0 chain mail (worn)
Scrolls
 f - 2 scrolls of identify
 i - a scroll of enchant armour
Comestibles
 d - 2 rations


   Skills:
 - Level 1.0 Fighting
 - Level 1.7 Dodging
 * Level 3.1 Unarmed Combat
 + Level 2.2 Spellcasting
 * Level 2.4 Transmutations


You had 4 spell levels left.
You knew the following spells:

 Your Spells              Type           Power        Failure   Level  Hunger
a - Beastly Appendage     Tmut           #.....       100%        1    #......

Your spell library contained the following spells:

 Spells                   Type           Power        Failure   Level  Hunger
 Spider Form              Tmut/Pois      #.........   100%        3    ###....
 Blade Hands              Tmut           #.........   100%        5    ######.
 Ice Form                 Ice/Tmut       #.......     100%        4    #####..
 Sticks to Snakes         Tmut           #.......     100%        2    ###....


Dungeon Overview and Level Annotations

Branches:
Dungeon (1/15)

Altars:

Annotations:
D:2 Sigmund


Innate Abilities, Weirdness & Mutations

You are immune to rotting.
You are resistant to hostile enchantments. (MR+)
You evolve.


Message History

Sigmund points at you and mumbles some strange words.
You resist with almost no effort.
You closely miss Sigmund.
Sigmund is lightly wounded.
Sigmund hits you with a scythe.
* * * LOW HITPOINT WARNING * * *
You hit Sigmund.
Sigmund is moderately wounded.
Your chain mail prevents you from hitting Sigmund.
Sigmund is moderately wounded.
Sigmund hits you but does no damage.
You hit Sigmund.
Sigmund is moderately wounded.
Sigmund points at you and mumbles some strange words.
The magic dart hits you!
* * * LOW HITPOINT WARNING * * *
You closely miss Sigmund.
Sigmund is moderately wounded.
Sigmund hits you with a scythe.
You die...

##. ..# .....###.####..#
#...@.§§§....>. #..##
#§# ... #§# #.##.##§#
#..§§§§§# #####@###
################@#######
...............#.......#
##############.#######.#
# #.# #.# # #.# #.# #
#.# #.# # #.# #.# #.#
#.# #.#######.#


You could see Sigmund.

Vanquished Creatures
  A leopard gecko (D:1)
  2 ball pythons (D:1)
  2 giant cockroaches (D:1)
  A hobgoblin (D:1)
  2 kobolds (D:1)
  7 bats (D:1)
  2 frilled lizards (D:1)
  5 goblins (D:1)
  2 rats (D:1)
24 creatures vanquished.

Notes
Turn   | Place    | Note
-------+----------+-------------------------------------------
     0 | D:1      | kae the Demonspawn Transmuter began the quest for the Orb.
     0 | D:1      | Reached XP level 1. HP: 15/15 MP: 3/3
   208 | D:1      | Gained mutation: You are resistant to hostile enchantments. (MR+) [potion of mutation]
   208 | D:1      | Gained mutation: You evolve. [potion of mutation]
   513 | D:1      | Gained mutation: You are immune to rotting. [demonic ancestry]
   513 | D:1      | Reached XP level 2. HP: 18/21 MP: 3/5
   625 | D:1      | Reached skill level 3 in Unarmed Combat
  1152 | D:1      | You fall through a shaft!
  1216 | D:2      | Noticed Sigmund
  1231 | D:2      | HP: 1/21 [Sigmund/magic dart (6)]
  1232 | D:2      | Slain by Sigmund

Vault maps used:
D:1:      minmay_arrival_arboretum_large, kennysheep_pointless_box,
          minmay_strange_pillars
D:2:      first_ration, uniq_sigmund

Skill      XL: |  1  2 |
---------------+-------+-----
Transmutations | 2 |  2.4
Unarmed Combat | 3 |  3.1
Fighting       | |  1.0
Dodging        | |  1.7
Spellcasting   | |  2.2

Action                   || total
-------------------------++-------
Melee: Unarmed           ||    80
       Kick              ||     3
       Headbutt          ||     2
       Short sword       ||    17
 Cast: Beastly Appendage ||     5
  Use: Potion            ||     2
       Scroll            ||     3
  Eat: Chunk             ||     1
Armor: Robe              ||    13
       Chain mail        ||    63
Dodge: Dodged            ||    37

Table legend:
 A = Spawn XP
 B = Non-spawn XP
 C = Spawn XP percentage of total XP
 D = Spawn monster count
 E = Non-spawn monster count
 F = Spawn count percentage of total count
 G = Total turns spent on level
                    A         B        C        D         E        F      G
               +---------+---------+-------+---------+---------+-------+---------
         Total |       0 |      39 |   0.0 |       0 |      24 |   0.0 |  1232
               +---------+---------+-------+---------+---------+-------+---------
           D:1 |       0 |      39 |   0.0 |       0 |      24 |   0.0 |  1152
               +---------+---------+-------+---------+---------+-------+---------
